 Dungeon Crawl Stone Soup version 0.26-a0-812-g31a745ddcd (webtiles) character file.

Game seed: 8339382798969861429

193 Lanoc the Magician (level 5, -5/35 HPs)
             Began as a Barachi Hedge Wizard on Nov 21, 2020.
             Was a Believer of Zin.
             Slain by Crazy Yiuf
             ... wielding a +3 quarterstaff of chaos
              (7 damage)
             ... on level 3 of the Dungeon.
             The game lasted 00:03:59 (3649 turns).

Lanoc the Magician (Barachi Hedge Wizard)           Turns: 3649, Time: 00:04:00

Health: -5/35      AC:  6    Str: 11      XL:     5   Next: 72%
Magic:  2/11       EV: 18    Int: 15 (16) God:    Zin [**....]
Gold:   154        SH:  0    Dex: 10 (11) Spells: 7/12 levels left

rFire    + . .     SeeInvis .   d - +0 dagger (elec)
rCold    . . .     Faith    .   (no shield)
rNeg     . . .     Spirit   .   b - +0 robe
rPois    .         Reflect  .   c - +0 hat
rElec    .         Harm     .   (no cloak)
rCorr    .         Rampage  .   (no gloves)
MR       .....                  (no boots)
Stlth    ++........             (no amulet)
HPRegen  0.11/turn              g - +4 ring of protection
MPRegen  0.12/turn              a - ring of protection from fire

@: agile, flying, lightly drained, slow
A: +LOS, swims, slowness 1, strong legs 1
a: Hop, Recite, Vitalisation, Donate Gold, Renounce Religion


You were on level 3 of the Dungeon.
You worshipped Zin.
Zin was pleased with you.
You visited 1 branch of the dungeon, and saw 3 of its levels.

You collected 171 gold pieces.
You donated 17 gold pieces to Zin.

Inventory:

Hand Weapons
 d - a +0 dagger of electrocution (weapon)
Armour
 b - a +0 robe (worn)
 c - a +0 hat (worn)
Jewellery
 a - a ring of protection from fire (right hand)
 g - a +4 ring of protection (left hand)
Scrolls
 f - 4 scrolls of teleportation {unknown}
 h - 2 scrolls of random uselessness {unknown}
 i - 4 scrolls of identify {unknown}
 j - 2 scrolls of amnesia {unknown}
 k - a scroll of remove curse {unknown}
 m - a scroll of fear {unknown}
Potions
 e - a potion of might
 n - a potion of magic {unknown}


   Skills:
 + Level 3.6(3.3) Dodging
 + Level 3.1(2.8) Stealth
 + Level 4.2(3.9) Spellcasting
 + Level 3.1(2.8) Conjurations
 - Level 1.2(0.9) Summonings
 - Level 1.1(0.8) Translocations


You had 7 spell levels left.
You knew the following spells:

 Your Spells              Type           Power        Failure   Level
a - Magic Dart            Conj           ##..         6%          1
b - Call Imp              Summ           #.......     19%         2
c - Blink                 Tloc           N/A          19%         2

Your spell library contained the following spells:

 Spells                   Type           Power        Failure   Level
 Slow                     Hex            #.......     28%         2
 Conjure Flame            Conj/Fire      #.......     30%         3
 Mephitic Cloud           Conj/Pois/Air  #.......     36%         3


Dungeon Overview and Level Annotations

Branches:
Dungeon (3/15)

Altars:
Makhleb
Xom
Zin

Annotations:
D:3 Crazy Yiuf


Innate Abilities, Weirdness & Mutations

You can be seen from farther away. (+LOS)
You can swim through water.
You cover ground slowly.
You can hop short distances.


Message History

Crazy Yiuf is heavily wounded.
You hit Crazy Yiuf.
Crazy Yiuf is severely wounded.
Crazy Yiuf barely misses you.
You hit Crazy Yiuf but do no damage.
Crazy Yiuf is severely wounded.
Crazy Yiuf hits you with a +3 quarterstaff of chaos.
* * * LOW HITPOINT WARNING * * *
You feel agile all of a sudden.
You barely miss Crazy Yiuf.
Crazy Yiuf is severely wounded.
Crazy Yiuf hits you with a +3 quarterstaff of chaos.
* * * LOW HITPOINT WARNING * * *
You feel drained.
* * * LOW HITPOINT WARNING * * *
It was a potion of flight.
You feel very buoyant.
You fly up into the air.
Crazy Yiuf hits you with a +3 quarterstaff of chaos!
You die...

#.## #...
###.## ###.
#....# ##
#####
#....#
#..)#
#....#
#...#
#....# ...
#....# ##
#g# #....#
#. ##@#
#...># #.
#.## #....#
#. ##.#
#....# #.
#.## #....#
#. ##.##
#.#### #.
#.PP## #.#
#. #P..P#
#.# #.
#....# #.#
##
#....####.#


You could see Crazy Yiuf.

Vanquished Creatures
  A crimson imp (D:3)
  Jessica (D:3)
  A worker ant (D:2)
  Robin (D:2)
  A gnoll (D:1)
  2 adders (D:3)
  An ooze (D:2)
  A worm (D:2)
  3 leopard geckos
  An orc (D:3)
  A ball python (D:2)
  A giant cockroach (D:3)
  18 goblins
  9 hobgoblins
  2 jackals
  4 kobolds
  4 bats
  A frilled lizard (D:1)
  3 rats
56 creatures vanquished.

Notes
Turn   | Place    | Note
-------+----------+-------------------------------------------
     0 | D:1      | Lanoc the Barachi Hedge Wizard began the quest for the Orb.
     0 | D:1      | Reached XP level 1. HP: 13/13 MP: 4/4
   192 | D:1      | Reached XP level 2. HP: 6/19 MP: 1/6
   886 | D:1      | Reached XP level 3. HP: 16/24 MP: 1/8
   890 | D:1      | Learned a level 2 spell: Call Imp
   893 | D:1      | Learned a level 2 spell: Blink
  1624 | D:3      | Noticed Jessica
  1732 | D:2      | Reached XP level 4. HP: 2/30 MP: 1/9
  2205 | D:3      | Killed Jessica
  2221 | D:3      | Reached skill level 4 in Spellcasting
  2236 | D:3      | Reached XP level 5. HP: 21/35 MP: 0/11
  2376 | D:3      | Noticed Robin
  2673 | D:2      | Killed Robin
  3004 | D:3      | Found a faded altar of an unknown god.
  3089 | D:3      | Became a worshipper of Zin the Law-Giver
  3089 | D:3      | Reached * piety under Zin
  3089 | D:3      | Reached ** piety under Zin
  3161 | D:3      | Found a burning altar of Makhleb.
  3161 | D:3      | Found a shimmering altar of Xom.
  3391 | D:3      | Found a runed translucent door.
  3392 | D:3      | Noticed Crazy Yiuf
  3648 | D:3      | HP: 1/35 [Crazy Yiuf/+3 quarterstaff of chaos (2)]
  3649 | D:3      | Slain by Crazy Yiuf

Illustrated notes

Levels and vault maps discovered:
D:1:      dpeg_arrival_morbid_curiosity, layout_loops_corners
D:2:      layout_rooms
D:3:      layout_rooms, grunt_temple_overflow_champion_of_chaos,
          chequers_ecumenical_altar_simple, uniq_robin, uniq_crazy_yiuf_cottage,
          uniq_jessica

Skill      XL: |  1  2  3  4  5 |
---------------+----------------+-----
Stealth        | 2 3 |  3.1
Conjurations   | 2 3 |  3.1
Dodging        | 3 |  3.6
Spellcasting   | 4 |  4.2
Summonings     | |  1.2
Translocations | |  1.1

Action                   |  1- 3 |  4- 6 || total
-------------------------+-------+-------++-------
Melee: Dagger            |    46 |    35 ||    81
 Cast: Magic Dart        |    81 |    88 ||   169
 Abil: Hop               |     1 |       ||     1
  Use: Potion            |     1 |     3 ||     4
 Stab: Sleeping          |     1 |       ||     1
Armor: Robe              |    12 |    11 ||    23
Dodge: Dodged            |    52 |    47 ||    99

Table legend: (Time is in decaauts)
 A = Elapsed time spent in this place.
 B = Non-inter-level travel time spent in this place.
 C = Inter-level travel time spent in this place.
 D = Time resting spent in this place.
 E = Time spent auto-exploring this place.
 F = Levels seen in this place.
 G = Mean time per level.
                   A        B        C        D        E       F      G
               +--------+--------+--------+--------+--------+-----+--------+
         Total |   3902 |   3846 |     56 |    320 |   3038 |   3 | 1300.7 |
       Dungeon |   3902 |   3846 |     56 |    320 |   3038 |   3 | 1300.7 |
               +--------+--------+--------+--------+--------+-----+--------+

Top non-repeatable levels by time:
     D:1: 1407 daAuts
     D:2: 1292 daAuts
     D:3: 1202 daAuts
